 Dungeon Crawl Stone Soup version 0.29.1-15-g9cfb28693d (webtiles) character file.

Game seed: 2386156520804548311

1547 EgonSpengler the Magician (level 8, 0/57 (62) HPs)
             Began as a Grey Draconian Air Elementalist on Mar 25, 2023.
             Slain by a wight
             ... wielding a +2 long sword
              (1 damage)
             ... on level 8 of the Dungeon.
             The game lasted 00:18:36 (4601 turns).

EgonSpengler the Magician (DrAE)                    Turns: 4601, Time: 00:18:36

HP:   0/57 (62)     AC: 11    Str: 11    XL:     8   Next: 57%
MP:   0/14          EV: 13    Int: 23    God:
Gold: 169           SH:  0    Dex: 17    Spells: 4/15 levels left

rFire   + . .      SeeInvis .   f - +1 battleaxe
rCold   x . .      Faith    .   (shield currently unavailable)
rNeg    . . .      Spirit   .   (body armour unavailable)
rPois   +          Reflect  .   (helmet restricted)
rElec   .          Harm     .   (no cloak)
rCorr   .          Rampage  .   (no gloves)
Will    .....                   (no boots)
Stlth   ++++......              (no amulet)
HPRegen 0.19/turn               d - ring of Noon {rPois rC- Int+5 Dex+6 Stlth+}
MPRegen 0.14/turn               (no ring)

@: attractive, hasted (expiring), drained, very quick
A: AC +11, amphibious, unfitting armour, cold-blooded, fire resistance 1
a: no special abilities


You were on level 8 of the Dungeon.
You visited 1 branch of the dungeon, and saw 7 of its levels.

You collected 169 gold pieces.

Inventory:

Hand Weapons
 b - a +0 dagger of pain
 f - a +1 battleaxe (weapon)
 l - a +0 rapier
Missiles
 e - 2 throwing nets
 h - 8 atropa-tipped darts
Jewellery
 d - the ring of Noon (left hand) {rPois rC- Int+5 Dex+6 Stlth+}
   (You acquired it on level 1 of the Dungeon)

   [ring of dexterity]

   Int:       It affects your intelligence (+5).
   Dex:       It affects your dexterity (+6).
   rC:        It makes you vulnerable to cold.
   rPois:     It protects you from poison.
   Stlth:     It makes you more stealthy.
Scrolls
 g - 3 scrolls of identify


   Skills:
 * Level 2.8 Fighting
 * Level 2.7 Short Blades
 * Level 0.5 Axes
 * Level 2.3 Throwing
 * Level 3.0 Dodging
 * Level 3.7 Stealth
 * Level 4.4 Spellcasting
 * Level 3.4 Conjurations
 * Level 2.8 Summonings
 * Level 2.6 Necromancy
 * Level 4.0 Air Magic
 * Level 1.4 Poison Magic


You had 4 spell levels left.
You knew the following spells:

 Your Spells              Type           Power      Damage    Failure   Level
a - Shock                 Conj/Air       88%        1d8       2%          1
b - Summon Small Mammal   Summ           72%        N/A       3%          1
c - Static Discharge      Conj/Air       22%        3-6/arc   3%          2
d - Call Canine Familiar  Summ           18%        N/A       10%         3
e - Olgreb's Toxic Radia  Pois           11%        N/A       50%         4

Your spell library contained the following spells:

 Spells                   Type           Power      Damage    Failure   Level
 Poisonous Vapours        Pois/Air       34%        N/A       4%          2
 Swiftness                Air            23%        N/A       5%          3
 Sting                    Tmut/Pois      32%        1d4       8%          1
 Slow                     Hex            20%        N/A       10%         1
 Vampiric Draining        Necr           17%        2d7       10%         3
 Summon Guardian Golem    Hex/Summ       11%        N/A       17%         3
 Airstrike                Air            11%        2d(2-18)  19%         4
 Confusing Touch          Hex            5%         N/A       30%         3
 Summon Ice Beast         Ice/Summ       11%        N/A       50%         4
 Summon Mana Viper        Hex/Summ       11%        N/A       83%         5
 Monstrous Menagerie      Summ           9%         N/A       100%        7


Dungeon Overview and Level Annotations

Branches:
Dungeon (8/15)
 Temple: D:4-7         Lair: D:8-11

Altars:
Ashenzari

Annotations:
D:6 1 transporter, 0gre's ghost, novice GnIE


Innate Abilities, Weirdness & Mutations

Your dull iron-grey scales are very hard. (AC +11)
You are amphibious.
You cannot fit into any form of body armour.
You are cold-blooded and may be slowed by cold attacks.
Your flesh is heat resistant. (rF+)


Message History

The killer bee attacks as you move away!
The killer bee stings you but does no damage.
The killer bee stings you but does no damage.
The killer bee stings you.
* * * LOW HITPOINT WARNING * * *
The killer bee attacks as you move away!
The killer bee stings you but does no damage.
Your extra speed is starting to run out.
The killer bee stings you.
* * * LOW HITPOINT WARNING * * *
The killer bee closely misses you.
Casting: Static Discharge (safe; 3% risk of failure)
Press: ? - help, Q - select action, (/) - cycle Dir - look around, f - activate The killer bee is struck by an arc of lightning.
The killer bee is moderately wounded.
You are struck by an arc of lightning.
* * * LOW HITPOINT WARNING * * *
The killer bee is struck by an arc of lightning!
The killer bee is severely wounded.
You are struck by an arc of lightning.
* * * LOW HITPOINT WARNING * * *
The lightning grounds out.
The killer bee stings you but does no damage.
Okay, then.
Okay, then.
It was a potion of attraction.
You feel attractive to monsters.
The killer bee stings you but does no damage. x2
The wight hits you but does no damage. The wight is attracted toward you.
The killer bee is attracted toward you.
You barely miss the killer bee.
The killer bee is severely wounded.
You closely miss the wight. The killer bee misses you.
The killer bee stings you but does no damage.
The wight hits you from afar with a +0 spear.
* * * LOW HITPOINT WARNING * * *
You feel drained.
* * * LOW HITPOINT WARNING * * *
The wight hits you with a +2 long sword.
You die... ####)...........zo# ....y #..)....######.# yy..

##.'#####... #o# y..
###.....# #o### ..
#.###§# #.o.# .
#...#.## ###.#
###.§..# #<# #.yz.###
#....# ##@#z).#
###### #y###.#
#.z...##
#....#####'### #####
#.....#
########..####)###.##
#........##))..# #..#
#######.###.####
##.## ####...[..#
#..#


You could see 2 killer bees and 2 wights.

Vanquished Creatures
  A steam dragon (D:7)
  Duvessa (D:5)
  A water moccasin (D:5)
  A sky beast (D:7)
  A black bear (D:5)
  A phantom (D:6)
  A kobold brigand (D:8)
  A gnoll sergeant (D:6)
  A bullfrog (D:7)
  A scorpion (D:7)
  A necrophage (D:6)
  8 wights
  Dowan (D:5)
  A hound (D:5)
  An iguana (D:7)
  An orc wizard (D:7)
  3 adders
  2 worms (D:2)
  A dart slug (D:2)
  An orc (D:3)
  5 ball pythons
  2 endoplasms (D:3)
  3 giant cockroaches
  8 goblins
  2 hobgoblins
  7 jackals
  4 quokkas
  2 bats
  2 frilled lizards
  8 kobolds
  3 rats
76 creatures vanquished.

Vanquished Creatures (collateral kills)
  A bat (D:2)
  A frilled lizard (D:2)
2 creatures vanquished.

Grand Total: 78 creatures vanquished

Notes
Turn   | Place    | Note
-------+----------+-------------------------------------------
     0 | D:1      | EgonSpengler the Draconian Air Elementalist began the quest
                  | for the Orb.
     0 | D:1      | Reached XP level 1. HP: 14/14 MP: 3/3
   103 | D:1      | Learned a level 1 spell: Summon Small Mammal
   161 | D:1      | Identified a scroll of acquirement
   162 | D:1      | Acquired the ring of Noon {rPois rC- Int+5 Dex+6 Stlth+}
   268 | D:1      | Reached XP level 2. HP: 20/20 MP: 3/5
   272 | D:1      | Learned a level 2 spell: Static Discharge
   369 | D:2      | Identified the +1 leather armour of Ulaocweje {Drain +Inv
                  | rCorr Int+3}
   407 | D:2      | Gained mutation: Your flesh is heat resistant. (rF+)
                  | [potion of mutation]
   720 | D:2      | Reached XP level 3. HP: 22/27 MP: 1/6
  1240 | D:3      | Found a broken altar of Ashenzari.
  1908 | D:2      | Reached skill level 1 in Summonings
  2112 | D:2      | Reached XP level 4. HP: 24/34 MP: 4/7
  2240 | D:2      | Learned a level 3 spell: Call Canine Familiar
  2319 | D:3      | You fall into a shaft and drop 2 floors!
  2319 | D:5      | Entered Level 5 of the Dungeon
  2331 | D:5      | Reached skill level 1 in Fighting
  2475 | D:5      | Noticed a water moccasin
  2483 | D:5      | Killed a water moccasin
  2484 | D:5      | Reached skill level 1 in Short Blades
  2484 | D:5      | Reached skill level 1 in Necromancy
  2484 | D:5      | Reached XP level 5. HP: 10/40 MP: 3/9
  2719 | D:5      | Noticed Duvessa
  2720 | D:5      | Noticed Dowan
  2731 | D:5      | Killed Duvessa
  2732 | D:5      | Reached skill level 1 in Throwing
  2732 | D:5      | Reached XP level 6. HP: 10/47 MP: 1/10
  3028 | D:5      | Killed Dowan
  3381 | D:6      | Your scales start taking on a dull iron-grey colour.
  3381 | D:6      | Reached XP level 7. HP: 21/53 MP: 2/11
  3653 | D:6      | Noticed 0gre's ghost (novice GnIE)
  3654 | D:6      | Found a transporter.
  3744 | D:7      | Noticed a steam dragon
  3751 | D:7      | Killed a steam dragon
  3762 | D:7      | Learned a level 4 spell: Olgreb's Toxic Radiance
  4030 | D:7      | Reached XP level 8. HP: 58/62 MP: 8/13
  4217 | D:8      | Reached skill level 1 in Poison Magic
  4544 | D:8      | Identified the ring of the Komtur {Wiz rF+ Dex+3}
  4601 | D:8      | HP: 1/57 [wight/+0 spear (2)]
  4601 | D:8      | Slain by a wight

Illustrated notes

Levels and vault maps discovered:
D:1:      amcnicky_arrival_blooded_trapdoor, layout_loops_ring,
          shapermc_ecumenical_altar_mp_highgroup
D:2:      layout_rooms, minmay_tetromino_i4
D:3:      layout_basic, lemuel_coloured_pillars_altar, hangedman_decor_growths
D:5:      layout_basic, minmay_temple_entry_purple_smoke, uniq_duvessa
D:6:      layout_cave_pools, serial_gnoll_camp, gnoll_camp_huts_moat,
          gnoll_camp_mini_hut, gnoll_camp_mini_sergeant,
          gnoll_camp_mini_loothouse, gnoll_camp_mini_doghouse,
          gammafunk_ghost_stat_death, chequers_serial_rivers_marsh,
          nicolae_elevator_lobby_plus
D:7:      minmay_thick_lines, layout_basic, lightli_temple_of_fire,
          serial_shops, nicolae_shop_statue_plus, serial_glass, glass_columns_c,
          glass_columns_b, ebering_ghost_xom
D:8:      kennysheep_big_flooded_room, layout_rooms, mainiacjoe_overflow_swirl,
          small_statue_intersection

Skill      XL: |  1  2  3  4  5  6  7  8 |
---------------+-------------------------+-----
Stealth        | 2 3 |  3.7
Dodging        | 2 3 |  3.0
Summonings     | 1 2 |  2.8
Fighting       | 1 2 |  2.8
Short Blades   | 1 2 |  2.7
Conjurations   | 2 3 |  3.4
Necromancy     | 1 2 |  2.6
Throwing       | 1 2 |  2.3
Spellcasting   | 3 4 |  4.4
Air Magic      | 3 4 |  4.0
Poison Magic   | 1 |  1.4
Axes           | |  0.5

Action                   |  1- 3 |  4- 6 |  7- 9 || total
-------------------------+-------+-------+-------++-------
Melee: Dagger            |    27 |       |       ||    27
       Tailslap          |     4 |     1 |     2 ||     7
       Rapier            |     3 |     7 |    28 ||    38
       Punch             |       |       |     1 ||     1
       Battleaxe         |       |       |    10 ||    10
 Cast: Shock             |     8 |       |       ||     8
       Static Discharge  |    33 |    19 |    32 ||    84
       Summon Small Mamm |     1 |       |       ||     1
       Call Canine Famil |       |     2 |     1 ||     3
  Use: Scroll            |     5 |     3 |       ||     8
       Potion            |     2 |     4 |     3 ||     9
 Stab: Sleeping          |     9 |       |       ||     9
       Distracted        |     1 |       |       ||     1
Armor: Skin              |    11 |     4 |    39 ||    54
Dodge: Dodged            |    36 |    13 |    42 ||    91
